 Dungeon Crawl Stone Soup version 0.23.2-33-g5129a83184 (webtiles) character file.

Game seed: 17603122415569800715

1421 OrcJesus the Poker (level 8, -8/71 HPs)
             Began as a Hill Orc Monk on Aug 1, 2019.
             Was an Initiate of Ru.
             Mangled by Pikel
             ... wielding a +0 whip of electrocution
              (19 damage)
             ... on level 6 of the Dungeon on Aug 2, 2019.
             The game lasted 00:29:00 (5997 turns).

OrcJesus the Poker (Hill Orc Monk)                  Turns: 5997, Time: 00:29:02

Health: -8/71      AC: 11    Str: 15    XL:     8   Next: 72%
Magic:  8/8        EV: 10    Int: 10    God:    Ru [......]
Gold:   210        SH:  0    Dex: 14    Spells: 7/7 levels left

rFire    . . .     SeeInvis .   p - +2 spear (venom)
rCold    . . .     Gourm    .   (no shield)
rNeg     + . .     Faith    .   F - +0 scale mail
rPois    .         Spirit   .   (no helmet)
rElec    .         Reflect  .   E - +0 cloak
rCorr    .         Harm     .   f - +0 pair of gloves
MR       .....                  v - +0 pair of boots
Stlth    ..........             (no amulet)
HPRegen  0.21/turn              o - ring of positive energy
MPRegen  0.11/turn              (no ring)

@: no status effects
A: no striking features
a: Sacrifice Resistance, Sacrifice Love, Sacrifice Stealth, Reject Sacrifices,
Renounce Religion


You were on level 6 of the Dungeon.
You worshipped Ru.
Ru was noncommittal.
You were hungry.

You visited 2 branches of the dungeon, and saw 7 of its levels.

You collected 210 gold pieces.

Inventory:

Hand Weapons
 p - a +2 spear of venom (weapon)
Armour
 f - a +0 pair of gloves (worn)
 v - a +0 pair of boots (worn)
 E - a +0 cloak (worn)
 F - a +0 scale mail (worn)
Jewellery
 o - a ring of positive energy (left hand)
Wands
 y - a wand of scattershot (5)
Scrolls
 a - a scroll of enchant weapon {unknown}
 d - a scroll of brand weapon {unknown}
 e - 4 scrolls of fog
 h - 2 scrolls of teleportation
 i - a scroll of amnesia {unknown}
 j - a scroll of immolation {unknown}
 l - 2 scrolls of remove curse {unknown}
 q - a scroll of magic mapping
 r - a scroll of enchant armour {unknown}
 u - a scroll of random uselessness {unknown}
 w - a scroll of blinking {unknown}
 z - a scroll of identify {unknown}
Potions
 b - 2 potions of brilliance {unknown}
 g - 2 potions of flight
 k - a potion of curing {unknown}
 m - 3 potions of might
 t - a potion of magic {unknown}
 x - a potion of heal wounds {unknown}
 A - a potion of berserk rage
 C - a potion of cancellation {unknown}
 D - a potion of degeneration {unknown}
Comestibles
 c - 7 rations
 n - 5 chunks of flesh


   Skills:
 + Level 6.9 Fighting
   Level 5.6(8.1) Axes
 * Level 7.5(8.2) Polearms
 + Level 5.3 Armour
 - Level 2.5 Dodging
 - Level 1.6 Stealth


You had 7 spell levels left.
You didn't know any spells.
Your spell library was empty.

Dungeon Overview and Level Annotations

Branches:
Dungeon (6/15)             Temple (1/1) D:6

Altars:
Fedhas
Hepliaklqana
Kikubaaqudgha
Makhleb
Nemelex Xobeh
Ru
Trog
Vehumet
Xom
Yredelemnul

Annotations:
D:6 Pikel


Message History

Pikel is heavily wounded.
Pikel closely misses you.
You puncture Pikel!
Pikel looks as sick as possible!
Pikel is severely wounded.
Pikel hits you with a +0 whip of electrocution!
Your scale mail prevents you from hitting Pikel.
Pikel is severely wounded.
Pikel hits you with a +0 whip of electrocution.
You are electrocuted!
* * * LOW HITPOINT WARNING * * *
You barely miss Pikel.
Pikel is severely wounded.
Pikel closely misses you.
You hit Pikel but do no damage.
Pikel looks as sick as possible!
Pikel is severely wounded.
You are feeling hungry.
Pikel hits you with a +0 whip of electrocution.
* * * LOW HITPOINT WARNING * * *
You are electrocuted!!
You die...

.....##.####........#............
..#####.# #.(##.##.##.##...####.
........# #(..........#*....,...
.######## ##.##.##.####*,,,###.#
..).# #.##.##.# *,,,* #.*
...)####### #.......# *,,,* #.*
.#........###....#### *,,,* *,*
.#........##...##########...*##.#
.#......).......@Kpoo.......,....
##........##...###ph........,,...
.........>###.## #.p........,,...
###.......# #.# ########.o.**###
#.......# #.# *******,".**
###.###.### #.# *,,,,,,,,.,*
.##.###.#####.# *,*****,,,**
.##.#.........# *,*****,,,*
.##.#.#.####### *,**,,,,,,***


You could see Pikel (berserk), 3 slaves, a hound and 2 orcs.

Vanquished Creatures
  An oklob plant (D:6)
  2 ice beasts
  An ogre (D:5)
  A centaur (D:3)
  A bullfrog (D:5)
  2 crimson imps
  A jelly (D:3)
  A centaur skeleton (D:4)
  Terence (D:2)
  2 iguanas (D:5)
  2 orc wizards (D:6)
  2 worker ants (D:5)
  A hound zombie (D:5)
  3 gnolls (D:5)
  12 adders
  An adder zombie (D:5)
  An adder skeleton (D:4)
  A worm (D:5)
  5 dart slugs
  13 leopard geckos
  16 orcs
  5 bats
  7 giant cockroaches
  6 hobgoblins
  3 jackals (D:5)
  12 kobolds
  5 ball pythons
  8 frilled lizards
  9 goblins
  2 leopard gecko skeletons
  2 quokka skeletons (D:5)
  5 rats
134 creatures vanquished.

Notes
Turn   | Place    | Note
-------+----------+-------------------------------------------
     0 | D:1      | OrcJesus the Hill Orc Monk began the quest for the Orb.
     0 | D:1      | Reached XP level 1. HP: 19/19 MP: 1/1
   343 | D:1      | Reached XP level 2. HP: 14/27 MP: 2/2
   842 | D:1      | Reached skill level 5 in Axes
   959 | D:1      | Reached XP level 3. HP: 22/33 MP: 3/3
  1735 | D:2      | Reached skill level 1 in Armour
  1735 | D:2      | Reached XP level 4. HP: 40/40 MP: 4/4
  2120 | D:2      | Noticed Terence
  2164 | D:2      | Killed Terence
  2164 | D:2      | Reached XP level 5. HP: 34/47 MP: 5/5
  2541 | D:3      | Reached skill level 5 in Fighting
  2652 | D:3      | Noticed a centaur
  2660 | D:3      | Killed a centaur
  2660 | D:3      | Reached XP level 6. HP: 31/56 MP: 6/6
  3618 | D:4      | Reached skill level 1 in Polearms
  3775 | D:4      | Found a radiant altar of Vehumet.
  4316 | D:5      | Entered Level 5 of the Dungeon
  4487 | D:5      | Reached skill level 2 in Polearms
  4487 | D:5      | Reached XP level 7. HP: 61/63 MP: 7/7
  4693 | D:5      | Reached skill level 3 in Polearms
  4986 | D:5      | Reached skill level 4 in Polearms
  5153 | D:5      | Reached skill level 5 in Polearms
  5603 | D:6      | Reached XP level 8. HP: 70/71 MP: 8/8
  5634 | D:6      | Found a staircase to the Ecumenical Temple.
  5639 | Temple   | Entered the Ecumenical Temple
  5671 | Temple   | Became a worshipper of Ru the Awakened
  5752 | D:6      | Found a basalt altar of Yredelemnul.
  5752 | D:6      | Noticed an oklob plant
  5783 | D:6      | Killed an oklob plant
  5783 | D:6      | Reached skill level 7 in Polearms
  5783 | D:6      | Reached skill level 5 in Armour
  5970 | D:6      | Noticed Pikel
  5997 | D:6      | Mangled by Pikel

Skill      XL: |  1  2  3  4  5  6  7  8 |
---------------+-------------------------+-----
Axes           | 5 |  5.6
Fighting       | 4 5 6 |  6.9
Armour         | 1 2 3 4 5 |  5.3
Polearms       | 2 5 7 |  7.5
Dodging        | |  2.5
Stealth        | |  1.6

Action                   |  1- 3 |  4- 6 |  7- 9 || total
-------------------------+-------+-------+-------++-------
Melee: Hand axe          |   107 |       |       ||   107
       Spear             |    18 |   167 |   185 ||   370
  Use: Potion            |       |     2 |       ||     2
       Scroll            |       |       |     3 ||     3
 Stab: Sleeping          |     2 |     3 |       ||     5
  Eat: Chunk             |     3 |     8 |     5 ||    16
Armor: Robe              |     7 |       |       ||     7
       Ring mail         |    24 |    32 |    24 ||    80
       Scale mail        |       |       |    26 ||    26
Dodge: Dodged            |    57 |    67 |    83 ||   207
